 Dungeon Crawl Stone Soup version 0.31-a0-152-g6aa68a64a1 (webtiles) character file.

Game seed: 4820959891507508012

828 qw the Skirmisher (level 7, -1/44 HPs)
             Began as a Gargoyle Hunter on June 10, 2023.
             Slain by an orc wizard
             ... wielding a +0 dagger
              (2 damage)
             ... on level 5 of the Dungeon.
             The game lasted 00:01:48 (4259 turns).

qw the Skirmisher (Gargoyle Hunter)                 Turns: 4259, Time: 00:01:49

Health: -1/44      AC:  9    Str: 15    XL:     7   Next: 97%
Magic:  7/7        EV: 12    Int:  9    God:
Gold:   106        SH:  0    Dex: 15    Spells: 6/6 levels left

rFire   . . .        Y - +0 shortbow
rCold   + . .        (shield currently unavailable)
rNeg    + . .        a - +0 leather armour {rC+}
rPois   inf          d - +0 helmet
rElec   +            (no cloak)
rCorr   .            (no gloves)
SInv    .            (no boots)
Will    .....        g - amulet of faith
Stlth   ++           (no ring)
HPRegen 0.27/turn    (no ring)
MPRegen 0.10/turn

%: faith
@: about to teleport
A: sickness immunity, AC +4, negative energy resistance 1, electricity
resistance, torment resistance 1, petrification resistance
a: no special abilities


You were on level 5 of the Dungeon.
You visited 2 branches of the dungeon, and saw 7 of its levels.

You collected 247 gold pieces.
You spent 141 gold pieces at shops.


Innate Abilities, Weirdness & Mutations

You are immune to sickness and miasma.
Your stone body is resilient. (AC +4)
You are immune to poison.
You resist negative energy. (rN+)
You are resistant to electric shocks. (rElec)
You are resistant to unholy torment.
You are immune to petrification.


   Skills:
 - Level 5.1 Fighting
 + Level 8.0 Ranged Weapons
 - Level 2.0 Armour
 - Level 2.2 Dodging
 - Level 1.1 Stealth


You had 6 spell levels left.
You didn't know any spells.
Your spell library was empty.

Inventory:

Hand Weapons
 Y - a +0 shortbow (weapon)
Armour
 a - a +0 leather armour of cold resistance (worn)
 d - a +0 helmet (worn)
 k - a +0 ring mail
Jewellery
 g - an amulet of faith (around neck)
 l - a ring of fire
Wands
 j - a wand of digging (6)
Scrolls
 c - 5 scrolls of identify
Potions
 b - 3 potions of attraction
 e - a potion of cancellation
 f - 3 potions of curing
 i - a potion of haste

Dungeon Overview and Level Annotations

Branches:
Dungeon (6/15)             Temple (1/1) D:5

Altars:
Ashenzari
Cheibriados
Dithmenos
Elyvilon
Fedhas
Gozag
Hepliaklqana
Kikubaaqudgha
Makhleb
Qazlal
Ru
Sif Muna
Trog
Uskayaw
Vehumet
Wu Jian
Xom
Zin
The Shining One

Shops:
D:4 *?((


Message History

The scorpion barely misses you. The orc hits you but does no damage.
Something hits you but does no damage. The orc hits you but does no damage.
The orc barely misses you. The orc wizard closely misses you.
You shoot an arrow.
The arrow hits the orc wizard but does no damage.
The orc wizard is severely wounded.
The scorpion stings you but does no damage.
The orc barely misses you. Something hits you but does no damage.
The orc closely misses you. The orc misses you.
The orc wizard points at you and mumbles some strange words.
The magic dart hits you.
You shoot an arrow. The arrow barely misses the orc wizard.
The scorpion closely misses you. The orc closely misses you.
Something hits you but does no damage. The orc hits you but does no damage.
The orc wizard hits you with a +0 dagger.
The orc closely misses you.
The scorpion stings you but does no damage.
4256 ||| READING 2 scrolls of teleportation.
As you read the scroll of teleportation, it crumbles to dust.
You feel strangely unstable. The orc hits you but does no damage.
The orc barely misses you. Something hits you but does no damage.
The orc completely misses you.
The orc wizard hits you but does no damage.
The scorpion barely misses you.
You shoot an arrow.
The arrow closely misses the orc wizard.
The orc closely misses you. The orc hits you with a +0 hand axe.
Something hits you. The orc closely misses you.
The orc wizard barely misses you.
The scorpion stings you but does no damage.
You shoot an arrow. The arrow hits the orc wizard.
The orc wizard is severely wounded.
Your surroundings seem slightly different.
The orc wizard casts a spell.
The orc wizard flickers and vanishes!
4259 ||| READING scroll of teleportation.
As you read the scroll of teleportation, it crumbles to dust.
You feel strangely unstable. The orc hits you with a +0 hand axe.
Something hits you.
You die...

~~~8###
#....#).....##..........
...!'>#
###..<##.)..##..........
~~~8###
#.#.##....##..........
~#~~#
#.#.##....###.........
~~~~# #...##....#
##.....#.. #####
##...#....# #########
#.#.#....# #...######
##..@#######
#...oo.....#
#...s......#
#..o¤......#
#...{......#
#.......?..#
#..........#
############


You could see a scorpion and 3 orcs.

Vanquished Creatures
  Menkaure (D:5)
  2 scorpions (D:4)
  An orc priest (D:4)
  3 hounds
  2 jellies
  Jessica (D:2)
  5 iguanas
  An orc wizard (D:4)
  7 gnolls
  7 adders
  A worm (D:3)
  3 dart slugs
  18 orcs
  6 bats
  An endoplasm (D:3)
  2 giant cockroaches (D:1)
  10 hobgoblins
  2 jackals (D:1)
  2 quokkas
  2 ball pythons (D:1)
  3 frilled lizards
  7 kobolds
  5 rats
92 creatures vanquished.

Notes
Turn   | Place    | Note
-------+----------+-------------------------------------------
     0 | D:1      | qw the Gargoyle Hunter began the quest for the Orb.
     0 | D:1      | Reached XP level 1. HP: 12/12 MP: 1/1
     0 | D:1      | 0 ||| qw: Version: 0.2-a-29-gd901d54
     0 | D:1      | 0 ||| qw: Game counter: 3993
     0 | D:1      | 0 ||| qw: Always use a shield: true
     0 | D:1      | 0 ||| qw: God list: Okawaru
     0 | D:1      | 0 ||| qw: Allow faded altars: false
     0 | D:1      | 0 ||| qw: Do Orc after D:15 true
     0 | D:1      | 0 ||| qw: Do second Lair branch before Depths: true
     0 | D:1      | 0 ||| qw: Lair rune preference: random
     0 | D:1      | 0 ||| qw: Plans: Normal, Zot:1-4, Slime:5, God:TSO, Crypt,
                  | Tomb, Abyss, Pan, Hells, Win
     0 | D:1      | 0 ||| PLANNING D:1-11
    74 | D:1      | Reached XP level 2. HP: 17/17 MP: 2/2
   318 | D:1      | Reached XP level 3. HP: 21/21 MP: 3/3
   350 | D:1      | Reached skill level 5 in Ranged Weapons
   548 | D:1      | 548 ||| UPGRADING to +0 helmet.
   553 | D:1      | 553 ||| UPGRADING to +0 ring mail.
   563 | D:1      | 563 ||| DROPPING +0 leather armour.
   564 | D:1      | 564 ||| READING 4 scrolls labelled MUPPAQ XO REGA.
   565 | D:1      | 565 ||| READING scroll labelled KODDAW VOQAYG.
   566 | D:1      | 566 ||| READING 2 scrolls labelled YFORIMN ABBIXT.
   571 | D:1      | 571 ||| READING scroll labelled VANEISEJUSS.
   572 | D:1      | 572 ||| READING scroll labelled FAMENK UL NOFF.
   573 | D:1      | 573 ||| DRINKING 3 bubbling ruby potions.
   574 | D:1      | 574 ||| DROPPING 3 scrolls of blinking.
   575 | D:1      | 575 ||| DROPPING scroll of butterflies.
   703 | D:2      | Noticed Jessica
   714 | D:2      | Killed Jessica
   715 | D:2      | Reached XP level 4. HP: 15/27 MP: 4/4
  1197 | D:2      | 1197 ||| UPGRADING to amulet of faith.
  1202 | D:2      | 1202 ||| READING scroll labelled MIPNE SEUDUO.
  1203 | D:2      | 1203 ||| READING 2 scrolls labelled SAAMATYCIPN.
  1204 | D:2      | 1204 ||| DROPPING scroll of amnesia.
  1294 | D:3      | Reached skill level 3 in Fighting
  1421 | D:3      | Reached XP level 5. HP: 32/32 MP: 5/5
  1698 | D:3      | 1698 ||| DROPPING amulet of magic regeneration.
  1699 | D:3      | 1699 ||| DROPPING +6 ring of intelligence.
  1700 | D:3      | 1700 ||| READING scroll labelled VATA KUNWYANEU.
  1801 | D:3      | 1801 ||| READING scroll labelled XYPUASKONAO.
  1824 | D:4      | 1824 ||| STAIRDANCE
  1829 | D:3      | HP: 8/32 [iguana (8)]
  1830 | D:3      | 1830 ||| READING 2 scrolls of teleportation.
  2005 | D:4      | Reached skill level 6 in Ranged Weapons
  2027 | D:4      | Found Xous's Assorted Antiques.
  2044 | D:4      | Found Oczab's Magic Scroll Shop.
  2044 | D:4      | Found Negesibb's Antique Weapon Shop.
  2047 | D:4      | Found Tys Ydd's Weapon Shop.
  2050 | D:4      | 2050 ||| BUYING dyed leather armour (120 gold).
  2050 | D:4      | Bought a dyed leather armour for 120 gold pieces
  2050 | D:4      | 2050 ||| BUYING fizzy brown potion (21 gold).
  2050 | D:4      | Bought a fizzy brown potion for 21 gold pieces
  2050 | D:4      | 2050 ||| SHOPLISTING scroll labelled PYCRUO YJIOZOAGGI (24
                  | gold, have 13).
  2050 | D:4      | 2050 ||| SHOPLISTING twisted glass wand (96 gold, have 13).
  2053 | D:4      | 2053 ||| SHOPLISTING scroll of enchant weapon (75 gold,
                  | have 13).
  2053 | D:4      | 2053 ||| SHOPLISTING scroll of identify (20 gold, have 13).
  2053 | D:4      | 2053 ||| SHOPLISTING scroll of teleportation (30 gold, have
                  | 13).
  2160 | D:4      | Found an ancient bone altar of Kikubaaqudgha.
  2161 | D:4      | Found a hazy altar of Hepliaklqana.
  2263 | D:4      | Reached XP level 6. HP: 31/38 MP: 6/6
  2320 | D:4      | 2320 ||| FLEEEEING.
  2375 | D:4      | 2375 ||| FLEEEEING.
  2376 | D:4      | 2376 ||| FLEEEEING.
  2615 | D:4      | Reached skill level 7 in Ranged Weapons
  2615 | D:4      | Reached XP level 7. HP: 26/44 MP: 7/7
  2792 | D:4      | Identified the +5 war axe of Instant Death {protect, rF+
                  | rN+ Stlth+}
  3071 | D:4      | Found a broken altar of Ashenzari.
  3073 | D:4      | Found a snail-covered altar of Cheibriados.
  3073 | D:4      | Found a glowing silver altar of Zin.
  3073 | D:4      | Found an ornate altar of the Wu Jian Council.
  3074 | D:4      | Found an opulent altar of Gozag.
  3080 | D:4      | 3080 ||| UPGRADING to +0 leather armour of cold resistance.
  3090 | D:4      | 3090 ||| READING 3 scrolls of identify.
  3090 | D:4      | 3090 ||| IDENTIFYING amethyst potion
  3091 | D:4      | 3091 ||| READING 2 scrolls of identify.
  3091 | D:4      | 3091 ||| IDENTIFYING fizzy brown potion
  3116 | D:5      | Entered Level 5 of the Dungeon
  3221 | D:5      | 3221 ||| FLEEEEING.
  3222 | D:5      | 3222 ||| FLEEEEING.
  3224 | D:5      | 3224 ||| FLEEEEING.
  3225 | D:5      | 3225 ||| FLEEEEING.
  3226 | D:5      | 3226 ||| FLEEEEING.
  3227 | D:5      | 3227 ||| FLEEEEING.
  3373 | D:5      | Noticed Menkaure
  3383 | D:5      | Killed Menkaure
  3384 | D:5      | Reached skill level 8 in Ranged Weapons
  3594 | D:5      | Found a staircase to the Ecumenical Temple.
  3595 | D:5      | 3595 ||| PLANNING TEMPLE
  3595 | D:5      | 3595 ||| READING 7 scrolls of identify.
  3595 | D:5      | 3595 ||| IDENTIFYING silvery potion
  3596 | D:5      | 3596 ||| READING 6 scrolls of identify.
  3596 | D:5      | 3596 ||| IDENTIFYING inky potion
  3597 | D:5      | 3597 ||| DROPPING potion of enlightenment.
  3601 | Temple   | Entered the Ecumenical Temple
  3983 | Temple   | 3983 ||| PLANNING D:1-11
  4079 | D:5      | 4079 ||| Stepping ~*~*~tactically~*~*~ (outnumbered).
  4081 | D:5      | 4081 ||| Stepping ~*~*~tactically~*~*~ (outnumbered).
  4095 | D:5      | 4095 ||| STAIRDANCE
  4167 | D:5      | 4167 ||| STAIRDANCE
  4247 | D:6      | 4247 ||| STAIRDANCE
  4255 | D:5      | HP: 11/44 [orc wizard/+0 dagger (2)]
  4256 | D:5      | 4256 ||| READING 2 scrolls of teleportation.
  4257 | D:5      | HP: 5/44 [something (1)]
  4259 | D:5      | 4259 ||| READING scroll of teleportation.
  4259 | D:5      | HP: 1/44 [orc/+0 hand axe (5)]
  4259 | D:5      | Slain by an orc wizard

Levels and vault maps discovered:
D:1:      tekkud_arrival_beachfront_property, layout_rooms
D:2:      layout_basic, uniq_jessica
D:3:      layout_basic
D:4:      minmay_recursive_quarters, layout_basic, grunt_temple_overflow_open,
          minmay_shop_grid_forest, nrook_mini_backslash, feat_on_display
D:5:      layout_rooms, temple_hall_moat, minmay_strange_pillars, uniq_menkaure
D:6:      layout_cave_pools, grunt_ministairs_11
Temple:   minmay_temple_forest_path

Skill      XL: |  1  2  3  4  5  6  7 |
---------------+----------------------+-----
Ranged Weapons | 5 6 7 8 |  8.0
Armour         | 2 |  2.0
Fighting       | 3 4 5 |  5.1
Dodging        | 2 |  2.2
Stealth        | |  1.1

Action                     |  1- 3 |  4- 6 |  7- 9 || total
---------------------------+-------+-------+-------++-------
   Fire: Shortbow          |    90 |   217 |   133 ||   440
    Use: Scroll            |     5 |     5 |     6 ||    16
         Potion            |     1 |       |       ||     1
 Armour: Leather armour    |    16 |       |    50 ||    66
         Ring mail         |     4 |    51 |     5 ||    60
  Dodge: Dodged            |    34 |    86 |    87 ||   207

Table legend:
 A = Non-vault XP
 B = Vault XP
 C = Vault XP percentage of total XP
 D = Non-vault monster count
 E = Vault monster count
 F = Vault count percentage of total count
                 A         B        C        D         E       F
            +---------+---------+-------+---------+---------+-------
      Total |     827 |     356 |  30.1 |      83 |       9 |   9.8
            +---------+---------+-------+---------+---------+-------
        D:1 |      44 |       0 |   0.0 |      25 |       0 |   0.0
        D:2 |      27 |      37 |  57.8 |       6 |       1 |  14.3
        D:3 |      78 |       0 |   0.0 |      14 |       0 |   0.0
        D:4 |     419 |     147 |  26.0 |      19 |       7 |  26.9
        D:5 |     245 |     172 |  41.2 |      17 |       1 |   5.6
        D:6 |      14 |       0 |   0.0 |       2 |       0 |   0.0
            +---------+---------+-------+---------+---------+-------
